 Dungeon Crawl Stone Soup version 0.29-a0-72-g1732ff48e7 (webtiles) character file.

Game seed: 2570297363968850321

200 siradein the Skirmisher (level 5, 0/47 HPs)
             Began as a Draconian Fighter on Feb 3, 2022.
             Slain by a river rat (7 damage)
             ... in a sewer.
             The game lasted 00:06:52 (3132 turns).

siradein the Skirmisher (Draconian Fighter)         Turns: 3132, Time: 00:06:52

Health: 0/47       AC:  5    Str: 18    XL:     5   Next: 48%
Magic:  5/5        EV: 16    Int:  9    God:
Gold:   218        SH:  5    Dex: 12    Spells: 4/4 levels left

rFire   . . .      SeeInvis .   a - +0 long sword
rCold   . . .      Faith    .   b - +0 buckler
rNeg    . . .      Spirit   .   (armour unavailable)
rPois   .          Reflect  .   (helmet restricted)
rElec   .          Harm     .   (no cloak)
rCorr   .          Rampage  .   (no gloves)
Will    .....                   (no boots)
Stlth   +.........              (no amulet)
HPRegen 0.15/turn               g - +4 ring of evasion
MPRegen 0.09/turn               (no ring)

@: no status effects
A: AC +5, unfitting armour, cold-blooded
a: no special abilities


You were in a sewer.
You visited 1 branch of the dungeon, and saw 4 of its levels.
You also visited: Sewer.

You collected 218 gold pieces.

Inventory:

Hand Weapons
 a - a +0 long sword (weapon)
Missiles
 k - 7 atropa-tipped darts (quivered)
Armour
 b - a +0 buckler (worn)
Jewellery
 f - a ring of wizardry
 g - a +4 ring of evasion (left hand)
 n - a ring of magical power
Scrolls
 e - a scroll of amnesia {unknown}
 j - 3 scrolls of identify {unknown}
 m - 2 scrolls of teleportation {unknown}
 o - a scroll of vulnerability {unknown}
 p - a scroll of torment {unknown}
 r - a scroll of blinking {unknown}
Potions
 c - a potion of might
 d - 2 potions of ambrosia {unknown}
 h - a potion of brilliance {unknown}
 i - 2 potions of curing {unknown}
 l - a potion of cancellation {unknown}
 q - a potion of heal wounds {unknown}


   Skills:
 + Level 4.4 Fighting
 + Level 3.3 Long Blades
 + Level 3.7 Dodging
 + Level 4.0 Shields


You had 4 spell levels left.
You didn't know any spells.
Your spell library was empty.

Dungeon Overview and Level Annotations

Branches:
Dungeon (4/15)              Sewer (1/1)
 Temple: D:4-7

Altars:
Fedhas
Ru

Shops:
D:1 *

Annotations:
D:3 2 transporters


Innate Abilities, Weirdness & Mutations

Your plain brown scales are hard. (AC +5)
You cannot fit into any form of body armour.
You are cold-blooded and may be slowed by cold attacks.


Message History

The river rat barely misses you. The river rat closely misses you.
You barely miss the river rat.
The river rat is almost dead.
The river rat closely misses you. You block the river rat's attack.
You hit the river rat.
You kill the river rat!
The river rat bites you.
You barely miss the river rat. You block the river rat's attack.
The river rat bites you.
You completely miss the river rat. The river rat barely misses you.
You closely miss the river rat.
Your tail-slap misses the river rat.
You block the river rat's attack.
You hit the river rat.
The river rat is lightly wounded.
The river rat misses you. The river rat bites you!
* * * LOW HITPOINT WARNING * * *
You hit the river rat. You tail-slap the river rat.
The river rat is heavily wounded.
The river rat closely misses you.
You hit the river rat but do no damage. You tail-slap the river rat.
The river rat is severely wounded.
The river rat bites you but does no damage.
You hit the river rat.
The river rat is almost dead.
The river rat barely misses you. The river rat bites you.
* * * LOW HITPOINT WARNING * * *
You closely miss the river rat.
You tail-slap the river rat, but do no damage.
The river rat is almost dead.
The river rat bites you.
* * * LOW HITPOINT WARNING * * *
A river rat is nearby!
You hit the river rat but do no damage.
The river rat is almost dead.
The river rat barely misses you.
You hit the river rat but do no damage.
You tail-slap the river rat, but do no damage.
The river rat is almost dead.
The river rat bites you!
You die...

#########
###≈≈≈∩≈≈.###
#r≈≈.≈∩.†.†.###
≈≈.≈≈#####@r.≈≈#
.≈≈# ###≈.≈# ≈r
≈≈≈# ≈ ≈≈# .# #


You could see a river rat.

Vanquished Creatures
  2 jellies (D:4)
  A hound (D:4)
  A river rat (Sewer)
  2 adders
  An ufetubus (D:4)
  2 worms (D:3)
  A dart slug (D:1)
  2 orcs
  8 ball pythons
  5 endoplasms
  2 giant cockroaches
  9 goblins
  6 hobgoblins
  4 jackals
  5 kobolds
  2 quokkas (D:1)
  6 bats
  6 rats
65 creatures vanquished.

Vanquished Creatures (others)
  8 plants
8 creatures vanquished.

Grand Total: 73 creatures vanquished

Notes
Turn   | Place    | Note
-------+----------+-------------------------------------------
     0 | D:1      | siradein the Draconian Fighter began the quest for the Orb.
     0 | D:1      | Reached XP level 1. HP: 19/19 MP: 1/1
    11 | D:1      | Found Pejalihu's Assorted Antiques.
   115 | D:1      | Reached XP level 2. HP: 23/26 MP: 2/2
   583 | D:1      | Reached XP level 3. HP: 33/33 MP: 3/3
   869 | D:2      | Found a faded altar of an unknown god.
  1650 | D:3      | Reached XP level 4. HP: 26/40 MP: 4/4
  1935 | D:3      | Found a transporter.
  1943 | D:3      | Identified the +7 spear "Tayfim" {vamp, rElec Dex+2}
  1943 | D:3      | Noticed a gnoll sergeant
  2037 | D:3      | Found a transporter.
  2277 | D:3      | Found a sacrificial altar of Ru.
  2277 | D:3      | Found a blossoming altar of Fedhas.
  2693 | D:4      | Noticed a phantom
  2870 | D:4      | Reached XP level 5. HP: 15/46 MP: 5/5
  3097 | D:4      | Found a glowing drain.
  3109 | Sewer    | Entered a sewer
  3132 | Sewer    | Slain by a river rat

Illustrated notes

Levels and vault maps discovered:
D:1:      roderic_crossed_star, layout_loops_ring, serial_shops,
          nicolae_shop_overgrown_old_shop
D:2:      layout_loops_cross, nicolae_ecumenical_oubliette,
          roderic_roman_lattice, serial_bayou_ford_a
D:3:      layout_loops_corners, jmf_multi_god_temple,
          gammafunk_ghost_gnarly_gnolls, kennysheep_generic_room_16
D:4:      layout_rooms, mainiacjoe_overflow_brackets,
          cheibrodos_sewer_entry_drain, uniq_blork_the_orc
Sewer:    sewer_hellmonk_bad_rat

Skill      XL: |  1  2  3  4  5 |
---------------+----------------+-----
Dodging        | 3 |  3.7
Fighting       | 4 |  4.4
Long Blades    | 3 |  3.3
Shields        | 4 |  4.0

Action                   |  1- 3 |  4- 6 || total
-------------------------+-------+-------++-------
Melee: Long sword        |   139 |   109 ||   248
       Tailslap          |    12 |    16 ||    28
 Stab: Sleeping          |     2 |       ||     2
Armor: Skin              |    45 |    25 ||    70
Dodge: Dodged            |   141 |   109 ||   250
Block: Buckler           |    40 |    33 ||    73

Table legend: (Time is in decaauts)
 A = Elapsed time spent in this place.
 B = Non-inter-level travel time spent in this place.
 C = Inter-level travel time spent in this place.
 D = Time resting spent in this place.
 E = Time spent auto-exploring this place.
 F = Levels seen in this place.
 G = Mean time per level.
                   A        B        C        D        E       F      G
               +--------+--------+--------+--------+--------+-----+--------+
         Total |   3222 |   3109 |    113 |    137 |   2141 |   5 |  644.4 |
       Dungeon |   3194 |   3081 |    113 |    137 |   2141 |   4 |  798.5 |
         Sewer |     28 |     28 |      0 |      0 |      0 |   1 |   28.0 |
               +--------+--------+--------+--------+--------+-----+--------+

Top non-repeatable levels by time:
     D:3: 1183 daAuts
     D:1: 947 daAuts
     D:2: 705 daAuts
     D:4: 358 daAuts
   Sewer: 28 daAuts
